 Dungeon Crawl Stone Soup version 0.23.0-3-gf3c87f2 (webtiles) character file.

Game seed: 1974752753571622904

32 wolfsongas the Magician (level 3, -3/25 HPs)
             Began as a Gnoll Wizard on Feb 23, 2019.
             Slain by Crazy Yiuf
             ... wielding a +2 quarterstaff of chaos
              (11 damage)
             ... on level 2 of the Dungeon.
             The game lasted 00:02:27 (1088 turns).

wolfsongas the Magician (Gnoll Wizard)              Turns: 1088, Time: 00:02:27

Health: -3/25      AC:  3    Str: 14    XL:     3   Next: 25%
Magic:  1/11       EV: 14    Int: 21    God:
Gold:   129        SH:  0    Dex: 13    Spells: 8/16 levels left

rFire    . . .     SeeInvis .   c - +0 short sword
rCold    . . .     Gourm    .   (no shield)
rNeg     . . .     Faith    .   a - +0 robe
rPois    .         Spirit   .   b - +0 hat
rElec    .         Reflect  .   (no cloak)
rCorr    .         Harm     .   i - +0 pair of gloves
MR       .....                  (no boots)
Stlth    ++........             (no amulet)
HPRegen  0.08/turn              (no ring)
MPRegen  0.12/turn              (no ring)

@: mighty, lightly drained
A: distributed training, fangs 1, strong nose
a: no special abilities


You were on level 2 of the Dungeon.
You were not hungry.

You visited 1 branch of the dungeon, and saw 2 of its levels.

You collected 129 gold pieces.

Inventory:

Hand Weapons
 c - a +0 short sword (weapon)
Armour
 a - a +0 robe (worn)
 b - a +0 hat (worn)
 i - a +0 pair of gloves (worn)
 k - a +0 ring mail
 l - a +0 leather armour
Wands
 j - a wand of digging (8)
Potions
 e - a potion of degeneration {unknown}
 f - a potion of might
 g - 2 potions of brilliance
 h - a potion of flight {unknown}
Comestibles
 d - 2 rations


   Skills:
 + Level 0.6(0.4) Fighting
 + Level 0.6(0.4) Short Blades
 + Level 0.6(0.4) Long Blades
 + Level 0.6(0.4) Axes
 + Level 0.6(0.4) Maces & Flails
 + Level 0.6(0.4) Polearms
 + Level 0.6(0.4) Staves
 + Level 0.6(0.4) Slings
 + Level 0.6(0.4) Bows
 + Level 0.6(0.4) Crossbows
 + Level 0.6(0.4) Throwing
 + Level 0.6(0.4) Armour
 + Level 4.5(4.2) Dodging
 + Level 4.1(3.8) Stealth
 + Level 0.6(0.4) Shields
 + Level 0.6(0.4) Unarmed Combat
 + Level 7.1(6.8) Spellcasting
 + Level 2.1(1.8) Conjurations
 + Level 0.4(0.2) Hexes
 + Level 0.4(0.2) Charms
 + Level 2.1(1.8) Summonings
 + Level 0.4(0.2) Necromancy
 + Level 2.1(1.8) Translocations
 + Level 0.4(0.2) Transmutations
 + Level 0.4(0.2) Fire Magic
 + Level 0.4(0.2) Ice Magic
 + Level 0.4(0.2) Air Magic
 + Level 0.4(0.2) Earth Magic
 + Level 0.4(0.2) Poison Magic
 + Level 0.8(0.5) Invocations
 + Level 0.6(0.4) Evocations


You had 8 spell levels left.
You knew the following spells:

 Your Spells              Type           Power        Failure   Level  Hunger
a - Magic Dart            Conj           ###.         4%          1    None
b - Call Imp              Summ           ###.....     6%          2    None
c - Blink                 Tloc           N/A          6%          2    None
d - Mephitic Cloud        Conj/Pois/Air  ##......     21%         3    #......

Your spell library contained the following spells:

 Spells                   Type           Power        Failure   Level  Hunger
 Slow                     Hex            #.......     12%         2    None
 Conjure Flame            Conj/Fire      ##......     17%         3    #......


Dungeon Overview and Level Annotations

Branches:
Dungeon (2/15)

Altars:

Annotations:
D:2 Crazy Yiuf


Innate Abilities, Weirdness & Mutations

Your experience applies equally to all skills.
You have very sharp teeth.
Your uncanny sense of smell can sniff out nearby items.


Message History

Crazy Yiuf is heavily wounded.
Crazy Yiuf hits you with a +2 quarterstaff of chaos.
You feel drained.
You barely miss Crazy Yiuf.
Crazy Yiuf is heavily wounded.
Crazy Yiuf whimpers, "East pontify tortoise!"
Crazy Yiuf barely misses you.
You barely miss Crazy Yiuf.
Crazy Yiuf is heavily wounded.
Crazy Yiuf says, "Ghoul water seventy!"
Crazy Yiuf barely misses you.
You barely miss Crazy Yiuf.
Crazy Yiuf is heavily wounded.
Crazy Yiuf barely misses you.
You hit Crazy Yiuf but do no damage.
Crazy Yiuf is heavily wounded.
Crazy Yiuf closely misses you.
You feel very mighty all of a sudden.
Crazy Yiuf hits you with a +2 quarterstaff of chaos!
You die...

###......## ....†.....#
##### .........## #)..#
#........## #...#
..#.......# ... ..........#
#'# .........## #.##
......#...# ##g# ...#####..#
#@## ..#####..## ##.#
####......# ##.##
####......# ##...# ..#.
..........# #....# ......
.....###### #'..+# ..#..##
.....####.# ##....###..#...
.....##...###....#.......###
...........................#


You could see Crazy Yiuf.

Vanquished Creatures
  A dart slug (D:1)
  A leopard gecko (D:1)
  6 goblins
  4 hobgoblins (D:1)
  5 kobolds
  2 bats
  3 frilled lizards
  4 rats
26 creatures vanquished.

Notes
Turn   | Place    | Note
-------+----------+-------------------------------------------
     0 | D:1      | wolfsongas the Gnoll Wizard began the quest for the Orb.
     0 | D:1      | Reached XP level 1. HP: 13/13 MP: 8/8
    71 | D:1      | Reached XP level 2. HP: 17/19 MP: 5/10
   344 | D:1      | Reached XP level 3. HP: 22/25 MP: 1/11
   841 | D:1      | Learned a level 2 spell: Call Imp
   844 | D:1      | Learned a level 2 spell: Blink
   848 | D:1      | Learned a level 3 spell: Mephitic Cloud
  1057 | D:2      | Found a runed translucent door.
  1058 | D:2      | Noticed Crazy Yiuf
  1088 | D:2      | Slain by Crazy Yiuf

Skill      XL: |  1 |
---------------+----+-----
Conjurations   | 2 |  2.1
Summonings     | 2 |  2.1
Translocations | 2 |  2.1
Fighting       | |  0.6
Short Blades   | |  0.6
Long Blades    | |  0.6
Axes           | |  0.6
Maces & Flails | |  0.6
Polearms       | |  0.6
Staves         | |  0.6
Slings         | |  0.6
Bows           | |  0.6
Crossbows      | |  0.6
Throwing       | |  0.6
Armour         | |  0.6
Dodging        | |  4.5
Stealth        | |  4.1
Shields        | |  0.6
Unarmed Combat | |  0.6
Spellcasting   | |  7.1
Hexes          | |  0.4
Charms         | |  0.4
Necromancy     | |  0.4
Transmutations | |  0.4
Fire Magic     | |  0.4
Ice Magic      | |  0.4
Air Magic      | |  0.4
Earth Magic    | |  0.4
Poison Magic   | |  0.4
Invocations    | |  0.8
Evocations     | |  0.6

Action                   || total
-------------------------++-------
Melee: Short sword       ||    19
       Bite              ||     1
 Cast: Magic Dart        ||    48
       Call Imp          ||     3
       Blink             ||     1
  Use: Scroll            ||     5
       Potion            ||     1
Armor: Robe              ||     2
Dodge: Dodged            ||    25
